[Event "Prague Festival-Challengers 2022"]
[Site "Prague"]
[Date "2022.06.16"]
[Round "8.3"]
[White "Keymer, Vincent"]
[Black "Stocek, Jiri"]
[Result "1/2-1/2"]
[ECO "A30"]
[WhiteElo "2667"]
[BlackElo "2533"]
[Annotator "TA"]
[PlyCount "131"]
[EventDate "2022.06.07"]
[EventType "tourn"]
[EventCountry "CZE"]
[SourceTitle "playchess.com"]
[Source "ChessBase"]
[SourceQuality "1"]
[TimeControl "40/5400+30:1800+30"]

1. Nf3 {[%emt 0:00:04] Marin,M} Nf6 2. c4 c5 3. Nc3 e6 4. g3 b6 5. Bg2 Bb7 6. O-O Be7 7. d4 cxd4 8. Qxd4 d6 9. Rd1 a6 10. Bg5 Nbd7 11. Qd2 O-O 12. Bf4 Ne8 13. Rac1 Rc8 14. b3 h6 {[%emt 0:11:30] A30: Symmetrical English: Double Fianchetto and Hedgehog.} 15. Ne1 {[%emt 0:12:38] is the legacy move (15.h3).} Bxg2 16. Kxg2 Qc7 {[%emt 0:03:44] White has an edge.} 17. f3 Qb7 18. Ne4 {[%emt 0:03:20] [#]} Ndf6 $5 $146 {[%emt 0:08:34][%mdl 8] An interesting novelty.} ({Predecessor:} 18... Nc5 19. Nf2 b5 20. Ned3 Nf6 21. Nxc5 dxc5 22. Qc2 Rfd8 23. Nd3 Nd7 24. Nf2 Nf6 {0-1 (74) Georgiev,K (2645)-Marin,M (2583) Barbera del Valles 2009 CBM 131 Extra [Marin,M]}) 19. Nxf6+ Nxf6 20. e4 Rfd8 21. a4 g5 22. Be3 d5 23. cxd5 Rxc1 24. Qxc1 exd5 25. e5 Nd7 26. Nd3 Nc5 27. Bxc5 bxc5 28. Qc2 g4 29. Rf1 d4 30. e6 f5 {[%emt 0:01:06] [#]} 31. Ne5 ({Much worse is} 31. Nxc5 Rc8 32. b4 Qxb4 33. Qxf5 Qxc5 $11) (31. Qc4 $1 $16) 31... gxf3+ $11 32. Rxf3 Qe4 33. Nd3 Qxe6 34. Nf4 Qf7 35. Nd3 Qd5 36. Nf4 Qf7 37. Qe2 Bg5 38. Qxa6 {[%emt 0:00:27] And now Ne6 would win.} Bxf4 39. Rxf4 {[%emt 0:00:07][%mdl 4096] Endgame KQR-KQR} Qd5+ 40. Kh3 Kg7 {[%emt 0:00:00] [#] Inhibits Qg6+. Strongly threatening ...d3.} 41. Qd3 Rb8 42. Rxf5 Rxb3 {[%emt 0:04:10] ...Qe6 is the strong threat.} (42... Qd7 {is more complex.} 43. Qf3 Rxb3 44. Qg4+ Kh7) 43. Rxd5 Rxd3 44. Rxc5 {[%emt 0:00:05] Black must now prevent Kg4. KR-KR} Ra3 45. a5 {[%emt 0:01:01] Hoping for Kg4.} d3 46. Rd5 d2 47. Rxd2 (47. Kh4 {feels hotter.} Ra4+ 48. g4 Ra2 49. Rd6) 47... Rxa5 48. Kg4 Ra4+ 49. Kf5 Ra5+ 50. Ke4 Ra4+ 51. Rd4 Ra2 52. h3 Ra6 53. Ke5 Ra5+ 54. Rd5 Ra3 55. Kf4 Ra6 56. h4 Kg6 57. Ke5 Ra4 {[%emt 0:03:41] The position is equal.} 58. Rd6+ Kh5 59. Kf5 Ra5+ 60. Kf4 {[%emt 0:02:22] Threatening mate with g4+.} Rf5+ 61. Ke4 {[%emt 0:00:24] White wants to mate with g4+.} Rf1 62. Rd8 Rf7 63. Ke3 Kg4 64. Rg8+ Kh5 65. Rh8 Kg4 66. Rg8+ {[%emt 0:00:04] Weighted Error Value: White=0.05 (flawless) /Black=0.03 (flawless)} 1/2-1/2

[Event "Prague Festival-Challengers 2022"]
[Site "Prague"]
[Date "2022.06.16"]
[Round "8.4"]
[White "Pechac, Jergus"]
[Black "Krzyzanowski, Marcin"]
[Result "0-1"]
[ECO "E47"]
[WhiteElo "2597"]
[BlackElo "2535"]
[Annotator "TA"]
[PlyCount "106"]
[EventDate "2022.06.07"]
[EventType "tourn"]
[EventCountry "CZE"]
[SourceTitle "playchess.com"]
[Source "ChessBase"]
[SourceQuality "1"]
[TimeControl "40/5400+30:1800+30"]

1. d4 Nf6 2. c4 e6 3. Nc3 Bb4 4. e3 O-O 5. Bd3 Re8 6. Nf3 {[%emt 0:00:54] E47: Nimzo-Indian: Rubinstein: 5 Bd3 without ...d5.} Bxc3+ 7. bxc3 d6 8. e4 {[%emt 0:00:58] The position is equal.} e5 9. O-O {[%emt 0:00:12] [#]} Bg4 $146 ({Predecessor:} 9... exd4 10. cxd4 Nxe4 11. Re1 Nf6 12. Rxe8+ Qxe8 13. h3 Nbd7 14. Bb2 d5 15. Qb3 Qd8 {½-½ (22) Kolpak,S (2311)-Jugl,P (2310) ICCF email 2019}) 10. h3 Bh5 11. Re1 Nbd7 12. g4 Bg6 13. Bg5 Nf8 14. d5 h6 15. Bh4 Bh7 16. Qc1 Ng6 17. Bg3 Nd7 18. h4 Nc5 19. Bc2 Qc8 20. Nh2 b6 21. f3 Qa6 22. h5 Nh8 23. g5 hxg5 24. Qxg5 {[%emt 0:00:08] Hoping for Ng4.} f6 25. Qd2 Nf7 26. Ng4 Ng5 {[%emt 0:03:11] Pair of Knights!} 27. Kg2 Qxc4 28. Bh4 Rf8 29. h6 gxh6 30. Nxh6+ Kh8 31. Bxg5 fxg5 32. Rh1 Rf4 33. Rh5 {[%emt 0:07:00] [#]} (33. Nf5 Rf8 34. Ne3 Qb5 $15) (33. Ng4 $11) 33... Raf8 (33... Kg7 $1 $17 {[%cal Rc5e4] White must now prevent ...Nxe4!} 34. Nf5+ Bxf5 35. exf5 Re8 36. Rxg5+ Kf6 37. Rg6+ Ke7) 34. Rah1 $11 (34. Nf5 g4 35. Kh1 Rf7 $17) 34... Qxa2 $2 (34... Rxf3 $2 35. Nf5 R8xf5 36. Rxh7+ Kg8 37. Rh8+ Kf7 38. R1h7+ Kf6 39. Rf8+ (39. exf5 Qg4+ 40. Kh1 Rf1+ 41. Kh2 Qg1+ 42. Kh3 Rf3#) 39... Kg6 40. exf5+ $18) (34... Kg7 $1 $11 {and Black stays safe.} 35. Rxg5+ Kf6) 35. Nf5 $1 $18 Rf7 {[%emt 0:00:08] aiming for ...g4.} 36. Kg3 {[%emt 0:00:30] Inhibits g4.} (36. Rxg5 $18 {Threatens to win with Kg3.} Nd7 37. Rh3) 36... g4 $1 $11 37. Rxh7+ Rxh7 {[%emt 0:00:08] Chess con chili.} 38. Rxh7+ {[%emt 0:00:05][%mdl 64] Remove Defender} Kxh7 39. Qh2+ Kg8 40. Ne7+ $2 (40. Qh5 $11 Rxf3+ 41. Kxg4 Rxf5 42. exf5 Qxd5 43. Qe8+ Kg7 44. Qe7+ Kh8 45. Qf6+ Kh7 46. Qg6+ Kh8 47. Qf6+ (47. Qh5+ Kg8 $11) 47... Kh7 48. Qg6+ Kh8 49. Qf6+ (49. Qh5+ Kg8 $11)) 40... Kg7 $19 41. Nf5+ {[%emt 0:02:27] [#]} Rxf5 $1 42. exf5 {[%emt 0:00:27] White wants to mate with f6+.} Qxd5 43. fxg4 {[%emt 0:00:16][%cal Of5f6][%mdl 4096] Endgame KQB-KQN} e4 44. Kh4 $2 (44. Qh4 Qe5+ 45. Kg2) 44... e3 45. g5 Nd3 (45... Qf3 $142 46. Qg1 e2 47. f6+ Kg8) 46. f6+ {[%emt 0:01:39] [#]} Kf7 $1 ({And not} 46... Kg6 47. Qg3 Qe4+ 48. Qg4 Qh1+ 49. Qh3 Qxh3+ 50. Kxh3 Kxg5 51. Bxd3 Kxf6 52. Kg3 $15) 47. Bb3 Qxb3 48. Kg3 Ne5 {[%emt 0:05:25] Black is clearly winning.} 49. Qh7+ Ke6 50. Qg8+ Nf7 {[%emt 0:00:06] ...Kf5 is the strong threat.} 51. Qc8+ Ke5 52. Qxc7 Nxg5 {[%emt 0:00:39] ( -> ...e2)} 53. Qg7 Ne4+ {[%emt 0:00:30] What a bad dream for White.  Weighted Error Value: White=0.95/Black=0.37} 0-1

[Event "Prague Festival-Challengers 2022"]
[Site "Prague"]
[Date "2022.06.16"]
[Round "8.5"]
[White "Niemann, Hans Moke"]
[Black "Michalik, Peter"]
[Result "1-0"]
[ECO "D36"]
[WhiteElo "2656"]
[BlackElo "2579"]
[Annotator "TA"]
[PlyCount "133"]
[EventDate "2022.06.07"]
[EventType "tourn"]
[EventCountry "CZE"]
[SourceTitle "playchess.com"]
[Source "ChessBase"]
[SourceQuality "1"]
[TimeControl "40/5400+30:1800+30"]

1. d4 Nf6 2. c4 e6 3. Nf3 d5 4. Nc3 Nbd7 5. cxd5 exd5 6. Bg5 c6 7. e3 h6 8. Bh4 Be7 9. Bd3 O-O 10. Qc2 Re8 11. O-O Ne4 12. Bxe4 Bxh4 13. Bh7+ Kh8 14. Bf5 {[%emt 0:01:51] D36: Queen's Gambit Declined: Exchange Variation: Main line (5 Bg5 c6 6 Qc2).} Be7 15. Rab1 a5 {[%emt 0:01:11] [#]} 16. Rfe1 $146 {[%emt 0:02:03] The position is equal.} ({Predecessor:} 16. a3 Bd6 17. b4 axb4 18. axb4 g6 19. Bxg6 fxg6 20. Qxg6 Bf8 21. b5 Bg7 22. bxc6 {½-½ (74) Tarigan,G (2149)-Kollars,D (2617) Chess.com INT 2021}) 16... Nf6 17. Ne5 Kg8 18. Bd3 Bd6 19. f4 Re7 20. h3 Nd7 21. Ne2 Nf8 22. Ng3 Qe8 23. Qf2 f6 24. Nf3 Bd7 (24... Kh8 $11) 25. Nh4 $1 $16 Qf7 26. Nhf5 Bxf5 27. Nxf5 Rd7 28. Qh4 Kh8 29. Rf1 (29. Nxd6 Rxd6 30. Re2 Re8 $11) 29... Rad8 30. Rf3 Ng6 $1 31. Qg4 Ne7 32. Rg3 Nxf5 33. Qxf5 Kg8 34. Rf1 {[%emt 0:03:16][%cal Bb1f1,Bf1f3,Bf3g3][%mdl 32] Black must now prevent Rff3.} (34. Rc1 {seems wilder.} Re7 35. h4 Qe6 36. Qg6) 34... Kf8 (34... g5 35. Rgf3 gxf4 36. exf4 $16) (34... Re7 $11 {remains equal.}) 35. b3 (35. Rg6 $16) 35... Bb8 (35... Re7 $11) 36. Rff3 (36. Rg6 $5 ) 36... Ke7 37. Rg6 Rf8 (37... Rg8 $1 $11) 38. Rfg3 {[%emt 0:00:50] White is more active.} Kd8 (38... Rg8 $142) 39. Qg4 (39. Rxg7 $142 Qxg7 40. Rxg7 Rxg7 41. e4) 39... Re8 40. Kf2 {[%emt 0:00:00] aiming for Bf5.} Ree7 41. Bf5 Rc7 42. Qd1 $36 {[%emt 0:00:19][%mdl 2048] White has the initiative.} Qe8 43. Qd2 (43. b4 {feels hotter.} axb4 44. Qa4 b6 45. Qa8) 43... b6 44. b4 axb4 45. Qxb4 Rb7 46. a4 Rf7 (46... c5 $16 {is a better defense.} 47. dxc5 Qc6) 47. a5 $18 Qe7 48. Qc3 Qc7 (48... c5 $16) 49. a6 Ra7 50. Qb4 c5 51. Qb5 cxd4 {[%emt 0:01:45] [#]} 52. Be6 $4 (52. Qxd5+ Qd6 53. Qxd6+ (53. Qxd4 Qxd4 54. exd4 Bxf4 $11) 53... Bxd6 $11) (52. Rxh6 $1 $18 {[%mdl 512] Intending Rh8+ and mate.} dxe3+ 53. Ke2 (53. Rxe3 Rf8 $18) 53... Qc4+ 54. Qxc4 dxc4 55. Rh8+ Kc7 56. Rc8+ Kd6 57. Rxb8) 52... dxe3+ $19 53. Rxe3 Qxf4+ 54. Ke2 (54. Rf3 {was forced.} Qd2+ 55. Kf1 Qc1+ 56. Kf2 Qd2+ 57. Kf1 Qd1+ 58. Kf2 Qc2+ 59. Kg1 Qc1+ 60. Qf1 Qc5+ 61. Qf2) 54... d4 55. Rgg3 (55. Qxb6+ $2 Bc7 56. Qxd4+ Qxd4 $19) 55... dxe3 56. Rxe3 {[%emt 0:00:50] [#]} Be5 $4 57. Bxf7 $18 Rxf7 58. Qxb6+ (58. g3 $1 $18 Qxe3+ 59. Kxe3) 58... Ke7 (58... Rc7 $1 $11 59. a7 Qc4+ 60. Rd3+ Ke7) 59. Qc7+ {[%emt 0:02:04][%mdl 1024] White has strong compensation.} Ke6 {[%emt 0:00:47] [#]} 60. Qc6+ Ke7 (60... Kf5 $2 61. Rf3 Re7 62. Rxf4+ Bxf4+ 63. Kf3 $18) 61. Rb3 {[%emt 0:02:15] The board is on fire.} (61. a7 $16 Rf8 62. Re4) 61... Kd8 $2 {[%emt 0:01:04][%mdl 8192] [#]} (61... Qd4 $14) 62. Qd5+ $2 (62. Rd3+ Bd4 63. Qb6+ Kc8 64. Qc6+ (64. Rxd4 $2 Re7+ 65. Kd3 Qf1+ 66. Kc2 Qf2+ 67. Kc3 Re3+ 68. Kc4 Qa2+ 69. Kb5 Re5+ 70. Qc5+ Rxc5+ $19) 64... Kd8 65. Qb6+ Kc8 66. Qc6+ (66. Rxd4 $2 Re7+ 67. Kd3 Qf1+ 68. Kc2 Rc7+ 69. Qxc7+ Kxc7 $19) 66... Kd8 $11) (62. g3 $1 $18 Qd4 63. Rd3) 62... Ke8 $11 {[%emt 0:01:31] ...Re7 is the strong threat.} 63. Qa8+ Ke7 {[%emt 0:00:57] Hoping for ...Qc4+.} 64. Qb7+ Ke6 $2 (64... Kd8 $11 65. Rd3+ (65. Qxf7 Qe4+ 66. Re3 Qxg2+ 67. Ke1 Qg1+ 68. Ke2 Qg2+ 69. Ke1 Qg1+ 70. Ke2 Qg2+ $11) 65... Bd4 66. Qb6+ (66. Qxf7 Qe4+ 67. Kd2 Qxg2+ 68. Kc1 Qb2+ 69. Kd1 Qb1+ 70. Ke2 Qc2+ 71. Rd2 Qe4+ 72. Kf1 Qf3+ 73. Ke1 Qe4+ 74. Re2 Bc3+ 75. Kf2 Bd4+ 76. Ke1 Bc3+ 77. Kf2 Bd4+ 78. Ke1 $11) 66... Kc8 67. Qc6+ (67. Rxd4 $2 Re7+ 68. Kd3 Qf1+ 69. Kc2 Qf2+ 70. Kc3 Re3+ 71. Kc4 Qa2+ 72. Kb5 Re5+ 73. Qc5+ Rxc5+ $19) 67... Kd8 68. Qb6+ Kc8 69. Qc6+ (69. Rxd4 $2 Re7+ 70. Kd3 Qf1+ 71. Kc2 Qf2+ 72. Kb3 Re3+ 73. Kc4 Qa2+ 74. Kb5 Re5+ 75. Qc5+ Rxc5+ $19) 69... Kd8 70. Qb6+) 65. Qc6+ $18 Ke7 66. Rb7+ {[%emt 0:00:10][%mdl 64] Deflection} Kd8 67. Rxf7 {[%emt 0:00:27] Both players deserved the win here.  Weighted Error Value: White=0.34/Black=0.31} 1-0

[Event "Prague Festival-Challengers 2022"]
[Site "Prague"]
[Date "2022.06.17"]
[Round "9.1"]
[White "Krzyzanowski, Marcin"]
[Black "Niemann, Hans Moke"]
[Result "0-1"]
[ECO "B11"]
[WhiteElo "2535"]
[BlackElo "2656"]
[Annotator "TA"]
[PlyCount "156"]
[EventDate "2022.06.07"]
[EventType "tourn"]
[EventCountry "CZE"]
[SourceTitle "playchess.com"]
[Source "ChessBase"]
[SourceQuality "1"]
[TimeControl "40/5400+30:1800+30"]

1. e4 c6 2. Nf3 d5 3. Nc3 dxe4 4. Nxe4 Nf6 5. Qe2 Nxe4 6. Qxe4 Nd7 {[%emt 0:00:12] B11: Caro-Kann: Two Knights Variation.} 7. Bc4 Nf6 8. Qe2 Bf5 {[%emt 0:01:23] The position is equal.} 9. d3 e6 {[%emt 0:00:53] [#]} 10. a4 $146 ({Predecessor:} 10. Bd2 Nd5 11. Ne5 h5 12. O-O Bd6 13. Bb3 Qc7 14. Rfe1 O-O-O 15. d4 f6 16. c4 {0-1 (39) Shyam,S (2505)-Donchenko,A (2610) Douglas 2018}) 10... Bd6 11. O-O h6 12. Re1 O-O 13. h3 Re8 14. Ne5 Nd5 15. Bb3 Bc7 16. Qh5 Qf6 17. Ng4 Qg6 (17... Qe7 {keeps more tension.} 18. Ne5 Ba5 19. c3 Bc7) 18. Qxg6 Bxg6 19. a5 a6 20. Ne5 Bh7 21. Bd2 Rad8 22. g3 Kf8 23. Re2 f6 24. Nc4 e5 25. Rae1 Bg8 26. Kg2 g5 27. f3 h5 28. Kf2 Bf7 29. Rh1 (29. Re4 $11) 29... Be6 30. Ree1 Bb8 31. h4 Ba7+ 32. Kg2 g4 33. fxg4 Bxg4 34. Rhf1 $132 {[%emt 0:01:44][%mdl 2048] White has counterplay} Kg7 35. Ne3 Be6 {[%emt 0:00:34] ...Bxe3 is the strong threat.} 36. Nxd5 cxd5 37. Bb4 Bg4 38. Ba4 Re6 39. Bb3 Kg6 40. Kh2 f5 (40... Bd4 $15) 41. Bd2 $11 e4 42. Bg5 Rdd6 43. Bf4 Rd7 44. Ba4 Rd8 45. Bg5 Rc8 46. c3 b5 47. dxe4 dxe4 $17 (47... bxa4 $2 48. exf5+ Bxf5 49. Rxe6+ Bxe6 50. Rf6+ Kh7 51. Rxe6 $18) 48. Bb3 Rd6 {[%emt 0:00:50] aiming for ...Re8.} 49. Bd1 Rd3 (49... Re8 $17 {Hoping for ...e3.} 50. Bf4 Rd3 51. Bxg4 hxg4) 50. Bc2 (50. Bxg4 $1 $11 hxg4 51. Rd1) 50... Rd7 $1 {[%emt 0:04:12][%cal Oe4e3] Strongly threatening ...e3!} 51. Bd1 Rc5 {[%emt 0:00:08] Black is more active.} 52. Bxg4 hxg4 53. Rd1 {[%emt 0:04:36] [#]} ({White should play} 53. Re2) 53... Rcd5 $1 54. Rxd5 Rxd5 $19 {[%emt 0:00:09][%mdl 4096] Endgame KRB-KRB} 55. Re1 $2 {[%emt 0:00:21] This move loses the game for White.} (55. Bf4 $17) 55... Bb8 56. Kg2 Rd3 57. Be3 Bc7 58. Kf2 Kh5 ({And not} 58... Bxa5 59. Ra1 f4 60. Bxf4 Bb6+ 61. Ke2 $11) 59. Rg1 Bxa5 60. Rf1 Bc7 {[%emt 0:00:19][%cal Oc7g3] White must now prevent ...Bxg3+!} 61. Ke2 Rd5 ({Weaker is} 61... Bxg3 62. Rxf5+ Kxh4 63. Rf6 $17) 62. Rg1 Be5 63. Bd4 Bxd4 {[%emt 0:02:43] KRB-KR} 64. Rd1 {[%emt 0:00:03] [#]} f4 $1 {[%emt 0:00:14] ( -> ...f3+)} 65. gxf4 {[%emt 0:00:21] [#]} (65. cxd4 fxg3) 65... g3 $1 {[%emt 0:01:17][%cal Oh5g4,Bg4g3,Bg3g2][%mdl 32] Threatens to win with ...Kg4!} 66. cxd4 {[%emt 0:04:24] KR-KR} Kg4 67. Ke3 g2 {[%emt 0:00:12] And now ...Rf5 would win.} 68. Kf2 (68. Rg1 $142 Kg3 69. Kxe4) 68... Kh3 69. Kg1 Kg3 70. Rd2 e3 71. Rxg2+ Kf3 72. Rh2 Rxd4 73. Rh3+ Ke4 74. Kf1 Kd3 (74... Rd1+ $142 75. Ke2 Rd2+ 76. Ke1 Rxb2 77. Kd1 Rd2+ 78. Kc1 Ra2 79. Kd1 b4 80. Rg3 b3 81. f5 Rf2 82. Kc1 b2+ 83. Kb1 e2 84. Rg1 Kxf5 85. Rg5+ Kf4 86. Rg1 Rf1+ 87. Rxf1+ exf1=Q+ 88. Kxb2 Qc4 89. h5 Ke4 90. Kb1 Qb3+ 91. Ka1 Kd3 92. h6 Kc2 93. h7 Qb2#) 75. h5 Kd2 {[%emt 0:00:37] Black mates.} 76. Rh2+ Kd1 77. h6 Rxf4+ 78. Kg2 e2 {[%emt 0:00:04] Weighted Error Value: White=0.17 (very precise) /Black=0.08 (flawless)} 0-1

[Event "Prague Festival-Challengers 2022"]
[Site "Prague"]
[Date "2022.06.17"]
[Round "9.2"]
[White "Stocek, Jiri"]
[Black "Sasikiran, Krishnan"]
[Result "0-1"]
[ECO "D47"]
[WhiteElo "2533"]
[BlackElo "2651"]
[Annotator "TA"]
[PlyCount "154"]
[EventDate "2022.06.07"]
[EventType "tourn"]
[EventCountry "CZE"]
[SourceTitle "playchess.com"]
[Source "ChessBase"]
[SourceQuality "1"]
[TimeControl "40/5400+30:1800+30"]

1. Nf3 d5 2. d4 Nf6 3. c4 c6 4. Nc3 e6 5. e3 Nbd7 6. Bd3 dxc4 7. Bxc4 b5 8. Be2 Bb7 9. O-O a6 10. e4 c5 11. d5 {[%emt 0:05:14] D47: Semi-Slav: Meran System.} e5 $5 {[%emt 0:07:30][%mdl 4] [#] A promising side line.} (11... exd5 $11 {remains equal.} 12. Nxd5 Nxd5 13. exd5 Bd6) 12. Nd2 $146 ({Predecessor:} 12. Qc2 Bd6 13. a4 b4 14. Nd1 a5 15. Ne3 O-O 16. Bb5 Qc7 17. Nc4 Ba6 18. Bxa6 Rxa6 {1-0 (43) Noe,C (2530)-Nemec,J (2402) Marianske Lazne 2022}) 12... c4 13. a4 {[%emt 0:04:22] White is better.} b4 14. Ncb1 Rc8 15. Nxc4 Nxe4 16. Nbd2 Nec5 17. Re1 ({Better is} 17. d6 $16) 17... Be7 (17... Nf6 $11) 18. Bg4 (18. Nb3 $16) 18... Bxd5 $17 19. Nxe5 Nxe5 20. Rxe5 Be6 21. Bxe6 Nxe6 22. Re1 O-O 23. Nb3 Bf6 24. g3 h6 25. Rb1 Qe8 (25... Qc7 $17 {And now ...Rfd8 would win.} 26. Be3 Rfd8) 26. Qd3 $2 (26. Na5 $15) 26... Qc6 $1 $19 {[%emt 0:01:25] ...Rfd8 is the strong threat.} (26... Qxa4 27. Ra1 Nc5 28. Rxa4 $17) 27. Bd2 Rfd8 ({Inferior is} 27... Qxa4 28. Ra1 Qb5 29. Qxb5 axb5 30. Bxb4 $17) 28. Qe4 Qxa4 29. Qf3 (29. Re3 $142) 29... Bg5 30. Ra1 Qb5 31. Be3 Bxe3 32. Rxe3 Rc2 33. Rd1 Rxd1+ 34. Qxd1 Qf5 35. Rf3 Qg6 36. h4 Rxb2 {[%emt 0:01:04] Threatens to win with ...Rb1.} 37. Qd5 Re2 38. Qa8+ Kh7 (38... Nf8 $1 $19 {has better winning chances.} 39. Qb7 Re1+ 40. Kh2 Ne6 41. Qa8+ Kh7 42. Qxa6 Qb1 43. Qd3+ Kg8 44. Qxb1 Rxb1) 39. Qxa6 $17 Qe4 {[%emt 0:00:50] Black is more active.} 40. Qd3 Qxd3 41. Rxd3 {[%emt 0:01:01][%mdl 4096] Endgame KRN-KRN} Rb2 42. h5 Ng5 43. f3 Ne6 44. Kf1 g6 45. hxg6+ Kxg6 (45... fxg6 $17 46. Ke1 h5) 46. Nd2 $15 Kg7 47. Ke1 Nc5 48. Rd6 Rc2 49. Rb6 (49. Kd1 $11 Rc3 50. Rb6) 49... b3 $17 50. Kd1 Rc3 (50... h5 $1 $17 51. Rb5 Rc3) 51. g4 $1 $11 Kf8 52. Ke2 (52. Rb5 $11) 52... Ne6 (52... Ke7 $1 $17 53. Nb1 Rc2+ 54. Ke3 b2) 53. Rb4 $1 Kg7 54. Kd1 ({Not} 54. Nxb3 $2 Rxb3 $1 55. Ra4 Ng5 $19) 54... Nc5 55. Rb6 f6 56. Ke2 Kf7 57. f4 (57. Rb5 $11) 57... Rg3 58. f5 Rxg4 (58... Ke7 $17 59. Kf2 Rxg4 60. Nxb3 Nd7) 59. Rb5 $1 {[%emt 0:00:31] [#]} Rg2+ ({Black should play} 59... b2 $1 $17 {aiming for ...Na4.} 60. Rxb2 Rf4) 60. Kd1 (60. Ke3 $11 {should be considered.} Rg3+ 61. Kd4) 60... Rg1+ (60... b2 $5 61. Rxb2 Rf2 $17) 61. Ke2 {[%emt 0:00:07] [#]} Rg2+ (61... b2 $1 $11 62. Rxb2 Ke7) 62. Kd1 $15 {[%emt 0:00:15] [#]} Rg1+ (62... b2 $1 $15 {deserves consideration.} 63. Rxb2 h5) 63. Ke2 $11 Rc1 ({Much worse is} 63... Rg2+ $6 64. Ke3 Nd7 65. Nxb3 $15) 64. Nxb3 Nxb3 {[%emt 0:00:57] KRN-KR} 65. Rb7+ Kf8 66. Rxb3 {[%emt 0:00:33] KR-KR} Rc5 67. Rf3 $2 (67. Rh3 $11 {and White is okay.}) 67... h5 $19 68. Kf2 Kf7 69. Kg3 {[%emt 0:00:17] [#]} Kg7 $1 70. Kf4 Kh6 71. Ke4 Re5+ 72. Kf4 Ra5 73. Ke4 $2 (73. Rd3 $19) 73... Ra4+ {[%emt 0:01:05] Black mates.} 74. Kd5 Kg5 75. Ke6 h4 76. Rf1 Re4+ 77. Kf7 h3 {[%emt 0:00:11] Weighted Error Value: White=0.31/Black=0.31} (77... Re3 $142 78. Rf2 h3 79. Rd2 Kxf5 80. Rd5+ Re5 81. Rd2 Kg5 82. Rd8 h2 83. Rh8 Re2 84. Rg8+ Kf4 85. Rh8 f5 86. Kf6 Rg2 87. Ke7 Ke4 88. Rh4+ f4 89. Kd6 Ke3 90. Rh3+ f3 91. Ke7 Ke4 92. Rh4+ Kf5 93. Rh5+ Kg6 94. Rh8 Kg7 95. Rh5 f2 96. Rf5 h1=Q 97. Rf7+ Kh6 98. Ke6 f1=Q 99. Rxf1 Qxf1 100. Kd6 Rd2+ 101. Kc7 Qc1+ 102. Kb7 Rb2+ 103. Ka8 Qa1#) 0-1

[Event "Prague Festival-Challengers 2022"]
[Site "Prague"]
[Date "2022.06.17"]
[Round "9.3"]
[White "Warmerdam, Max"]
[Black "Keymer, Vincent"]
[Result "0-1"]
[ECO "D02"]
[WhiteElo "2614"]
[BlackElo "2667"]
[Annotator "TA"]
[PlyCount "132"]
[EventDate "2022.06.07"]
[EventType "tourn"]
[EventCountry "CZE"]
[SourceTitle "playchess.com"]
[Source "ChessBase"]
[SourceQuality "1"]
[TimeControl "40/5400+30:1800+30"]

1. Nf3 d5 2. g3 Bg4 3. Bg2 c6 4. d4 Nd7 5. c4 e6 6. h3 {[%emt 0:00:06] D02: 1 d4 d5 2 Nf3 sidelines, including 2...Nf6 3 g3 and 2...Nf6 3 Bf4.} Bf5 7. Nc3 {[%emt 0:00:13] [#]} Ngf6 $146 ({Predecessor:} 7... h6 8. O-O Ngf6 9. Qb3 Qb6 10. c5 Qa6 11. Re1 b6 12. cxb6 Qxb6 13. Nd2 Qxd4 {½-½ (56) Percivaldi,M (2433)-Andersen,M (2193) Helsingor 2017}) 8. Nh4 {[%emt 0:03:02] The position is equal.} Be4 9. Nxe4 Nxe4 10. O-O Be7 11. Nf3 O-O 12. Qb3 Qb6 13. Qc2 a5 14. Be3 f5 15. h4 Qa6 16. b3 Bd6 17. Ne1 b5 18. c5 Bc7 19. Nd3 Rae8 20. Qb2 Qc8 21. Rac1 Qd8 22. Ne5 Nxe5 23. dxe5 b4 24. Qd4 Qb8 25. Bf4 h6 26. h5 Ng5 27. Bxg5 (27. Ra1 $142) 27... Bxe5 $17 28. Qe3 hxg5 29. Qxg5 Qd8 30. Qxd8 Rxd8 31. Bh3 Kf7 32. Kg2 g5 {[%emt 0:03:23] [#] White must now prevent ...g4.} 33. hxg6+ $1 Kxg6 34. e3 a4 35. f4 Bc3 36. Kf3 ({Much weaker is} 36. bxa4 Ra8 37. g4 Rxa4 $17) 36... Rh8 37. Rh1 Ra8 38. g4 axb3 39. axb3 Ra3 {[%emt 0:00:59] Black is more active.} 40. gxf5+ exf5 41. Rb1 Rh5 42. Rbg1+ Kf7 43. Bf1 Rxh1 44. Rxh1 Rxb3 {[%emt 0:02:24][%mdl 4096] Endgame Strongly threatening ...Bd4. KRB-KRB} 45. Bd3 Bg7 46. Bxf5 d4 47. Re1 Rc3 48. Be4 Bf8 49. Bxc6 Bxc5 50. Re2 Kf6 51. Be4 Ke6 ({But not} 51... dxe3 $6 52. Rc2 $11) 52. Bh7 Kf7 ({Reject} 52... Rxe3+ $6 53. Rxe3+ dxe3 54. Bg8+ Kf6 55. Ke2 $11) 53. Be4 Bb6 54. Bd5+ Kf6 55. Ke4 dxe3 56. Kf3 Bd4 57. Be4 Ra3 58. Bd5 $2 {[%emt 0:00:44] Now White is beyond hope.} (58. Bb1 $17 {was worth a try.}) 58... b3 $19 {[%emt 0:00:22][%cal Bb4b3,Bb3b2][%mdl 32] Threatens to win with ...b2.} 59. Be4 $2 (59. Re1) 59... Ra1 60. Rh2 b2 61. Rh6+ Ke7 62. Rh7+ Kd6 (62... Kf8 $142 {( -> ...Rf1+)} 63. Rh2 Rf1+ 64. Kg3 b1=Q 65. Bxb1 Rxb1) 63. Rb7 {[%emt 0:01:19] [#]} (63. Rh2 $19) 63... Rf1+ {[%emt 0:00:04] Black mates.} 64. Ke2 Rf2+ 65. Kd1 e2+ 66. Ke1 Bc3+ {[%emt 0:00:04] Weighted Error Value: White=0.27 (precise) /Black=0.05 (flawless)} 0-1

[Event "Prague Festival-Challengers 2022"]
[Site "Prague"]
[Date "2022.06.17"]
[Round "9.4"]
[White "Michalik, Peter"]
[Black "Hracek, Zbynek"]
[Result "1/2-1/2"]
[ECO "C11"]
[WhiteElo "2579"]
[BlackElo "2570"]
[Annotator "TA"]
[PlyCount "61"]
[EventDate "2022.06.07"]
[EventType "tourn"]
[EventCountry "CZE"]
[SourceTitle "playchess.com"]
[Source "ChessBase"]
[SourceQuality "1"]
[TimeControl "40/5400+30:1800+30"]

1. e4 e6 2. d4 d5 3. Nc3 Nf6 4. e5 Nfd7 5. f4 c5 6. Nf3 Nc6 7. Be3 a6 8. Qd2 b5 9. a3 {[%emt 0:04:00] The position is equal.} Qa5 {[%emt 0:00:16] is the new trend. C11: French: Classical System: 4 e5 and 4 Bg5 dxe4.} 10. Rd1 b4 (10... Rb8 $5 ) 11. axb4 Qxb4 12. b3 {[%emt 0:07:45] [#]} cxd4 $146 ({Predecessor:} 12... Bb7 13. Be2 Rc8 14. dxc5 Bxc5 15. Bxc5 Nxc5 16. O-O O-O 17. Nd4 Qxd4+ 18. Qxd4 Nxd4 19. Rxd4 Nxb3 20. cxb3 Rxc3 {½-½ (25) Gholami,A (2473)-Malakhatko,V (2536) Baghdad 2018}) 13. Nxd4 Nxd4 14. Bxd4 Bc5 15. Be2 Bb7 16. Bxc5 Nxc5 17. Na4 Qxd2+ 18. Kxd2 Nxa4 19. bxa4 Bc6 20. a5 Bb5 21. c4 Bxc4 22. Bxc4 dxc4 $11 {[%emt 0:00:07][%mdl 4096] Endgame KRR-KRR} 23. Kc3 O-O 24. Rd6 Rfc8 25. Rb1 g6 26. Rb4 Rc5 27. Ra4 g5 28. g3 Kg7 29. Kd4 Rac8 {[%emt 0:00:31] [#] And now ...c3 would win.} 30. Kc3 $1 Ra8 31. Kd4 {[%emt 0:00:05] An interesting draw.  Weighted Error Value: White=0.04 (flawless) /Black=0.03 (flawless)} 1/2-1/2